 Dungeon Crawl Stone Soup version 0.31-a0-841-g038b102fc3 (webtiles) character file.

Game seed: 6101521144702601166

214 Aneyh the Poker (level 5, -8/32 HPs)
             Began as a Tengu Monk on Sept 28, 2023.
             Killed from afar by an orc wizard (9 damage)
             ... with a puff of flame
             ... on level 3 of the Dungeon.
             The game lasted 00:03:29 (2439 turns).

Aneyh the Poker (Tengu Monk)                        Turns: 2439, Time: 00:03:30

Health: -8/32      AC:  2    Str: 13    XL:     5   Next: 92%
Magic:  6/6        EV: 13    Int: 10    God:
Gold:   112        SH:  0    Dex: 17    Spells: 4/4 levels left

rFire   . . .        r - +0 trident
rCold   . . .        (no shield)
rNeg    . . .        b - +0 robe
rPois   .            (helmet restricted)
rElec   .            (no cloak)
rCorr   .            (no gloves)
SInv    .            (boots unavailable)
Will    .....        (no amulet)
Stlth   ++           (no ring)
HPRegen 0.25/turn    (no ring)
MPRegen 0.10/turn

%: acrobat
@: lethally poisoned (-8 -> -25)
A: beak, talons 3, acrobatic
a: no special abilities


You were on level 3 of the Dungeon.
You visited 1 branch of the dungeon, and saw 4 of its levels.

You collected 112 gold pieces.

Inventory:

Hand Weapons
 a - a +0 spear
 k - a +1 dagger of venom
 r - a +0 trident (weapon)
Missiles
 l - 2 poisoned darts
Armour
 b - a +0 robe (worn)
 d - an orb of light
Wands
 w - a wand of flame (26)
Scrolls
 e - a scroll of silence {unknown}
 g - a scroll of fear {unknown}
 h - 5 scrolls of identify {unknown}
 i - a scroll of torment {unknown}
 m - a scroll of enchant weapon {unknown}
 n - 2 scrolls of butterflies {unknown}
 q - a scroll of teleportation {unknown}
 t - 2 scrolls of vulnerability {unknown}
 u - a scroll of revelation {unknown}
Potions
 c - a potion of ambrosia
 f - 2 potions of heal wounds {unknown}
 j - 3 potions of lignification {unknown}
 o - a potion of curing {unknown}
 p - a potion of brilliance {unknown}
 s - a potion of haste {unknown}
 v - a potion of cancellation {unknown}


   Skills:
 - Level 3.0 Fighting
 + Level 7.0 Polearms
 - Level 3.2 Dodging


You had 4 spell levels left.
You didn't know any spells.
Your spell library was empty.

Dungeon Overview and Level Annotations

Branches:
Dungeon (4/15)
 Temple: D:4-7

Altars:
Gozag
Makhleb
Trog
Vehumet
Wu Jian

Shops:
D:3 [

Annotations:
D:3 Terence
D:4 Edmund


Innate Abilities, Weirdness & Mutations

You have a beak for a mouth.
You have claws for feet.
You can magically evade attacks while moving or waiting.


Message History

HP restored.
You start waiting.
Done waiting.
There is a stone staircase leading down here.
You climb downwards.
Level annotation: Edmund
There is a stone staircase leading up here.
The orc wizard shouts!
The orc wizard gestures wildly while chanting.
The orc wizard flickers and vanishes!
Deactivating autopickup; reactivate with Ctrl-A.
The orc priest miscasts a cantrip.
The orc priest mumbles some strange prayers to Beogh against you.
Beogh smites you! The orc closely misses you. Something hits you.
You climb upwards.
Level annotation: Terence Reactivating autopickup.
There is a stone staircase leading down here.
You puncture the orc!
You kill the orc!
Something hits you.
You are poisoned.
Deactivating autopickup; reactivate with Ctrl-A.
You feel sick. Something hits you.
You are lethally poisoned!
You see here a +0 flail.
You closely miss something. You peck something.
You feel very sick. Something hits you.
* * * LOW HITPOINT WARNING * * *
You are more poisoned.
You hit something but do no damage. Your kick misses something.
Your peck misses something.
* * * LOW HITPOINT WARNING * * *
You feel very sick.
You hear some strange, mumbled words.
A puff of flame appears from out of thin air!
The puff of flame hits you!
You die...

#......##..###.##...)...
#.......#....#..........
###.......#.##............
###...............<##.#.....
#....#.....##.###..##.......
#....#....##.......##.......
#.............###@###.......
######....#..###{.##
#........... ............## #@##
##.......... ...#........# #.#
###.<>....... #.###...§≈≈.#
##.####......######
...#..#.≈∩§§###....##.##..##
._....#.≈§§§)......#..##...#
...#....§§≈####....#.###.#...
#.###...≈§§..........# ........
...#....≈§≈#################...#
..).......## ...#


There were no monsters in sight!

Vanquished Creatures
  A scorpion (D:4)
  A howler monkey (D:4)
  An iguana (D:4)
  2 gnolls
  An adder (D:3)
  A worm (D:2)
  A dart slug (D:3)
  2 orcs
  2 bats
  5 endoplasms
  3 giant cockroaches
  3 goblins
  7 hobgoblins
  4 jackals
  4 quokkas
  9 ball pythons
  A frilled lizard (D:1)
  2 kobolds
  5 rats
55 creatures vanquished.

Notes
Turn   | Place    | Note
-------+----------+-------------------------------------------
     0 | D:1      | Aneyh the Tengu Monk began the quest for the Orb.
     0 | D:1      | Reached XP level 1. HP: 14/14 MP: 2/2
    83 | D:1      | Found a faded altar of an unknown god.
   194 | D:1      | Reached XP level 2. HP: 16/19 MP: 3/3
   197 | D:1      | Reached skill level 4 in Polearms
   618 | D:2      | Reached XP level 3. HP: 23/23 MP: 4/4
  1169 | D:3      | Reached skill level 5 in Polearms
  1253 | D:3      | Found a burning altar of Makhleb.
  1319 | D:3      | Found an opulent altar of Gozag.
  1331 | D:3      | Found an ornate altar of the Wu Jian Council.
  1463 | D:3      | Reached XP level 4. HP: 28/28 MP: 5/5
  1537 | D:3      | Found a bloodstained altar of Trog.
  1585 | D:3      | Found Kuserrew's Antique Armour Shoppe.
  1598 | D:3      | Found a radiant altar of Vehumet.
  1666 | D:3      | Noticed Terence
  1698 | D:4      | Noticed a scorpion
  1704 | D:4      | Killed a scorpion
  1705 | D:4      | Reached skill level 6 in Polearms
  1705 | D:4      | Reached XP level 5. HP: 11/32 MP: 6/6
  2174 | D:4      | Reached skill level 7 in Polearms
  2243 | D:4      | Noticed Edmund
  2439 | D:3      | HP: 1/32 [poisoned by an orc wizard]
  2439 | D:3      | Killed from afar by an orc wizard

Illustrated notes

Levels and vault maps discovered:
D:1:      ncdulo_lavacross, layout_rooms, shapermc_ecumenical_altar_pompeii
D:2:      layout_loops_ring
D:3:      layout_rooms, nicolae_wu_jian_wuxing_cycle,
          gammafunk_temple_overflow_forgotten, vehumet_crystals, serial_shops,
          nicolae_shop_peninsula, minivault_25, uniq_terence
D:4:      layout_basic, pf_just_have_faith, nicolae_overflow_squiral,
          hellmonk_ghost_happy_afterlife, uniq_menkaure, uniq_pikel,
          uniq_crazy_yiuf_cottage, uniq_edmund

Skill      XL: |  1  2  3  4  5 |
---------------+----------------+-----
Polearms       | 4 5 6 7 |  7.0
Fighting       | |  3.0
Dodging        | |  3.2

Action                     |  1- 3 |  4- 6 || total
---------------------------+-------+-------++-------
  Melee: Spear             |    66 |       ||    66
         Kick              |    32 |    16 ||    48
         Peck              |    25 |     7 ||    32
         Trident           |    62 |    48 ||   110
         Unarmed           |       |     2 ||     2
   Stab: Sleeping          |     6 |     1 ||     7
 Armour: Robe              |    29 |    27 ||    56
         Skin              |       |     3 ||     3
  Dodge: Dodged            |    28 |    49 ||    77

Table legend: (Time is in decaauts)
 A = Elapsed time spent in this place.
 B = Non-inter-level travel time spent in this place.
 C = Inter-level travel time spent in this place.
 D = Time resting spent in this place.
 E = Time spent auto-exploring this place.
 F = Levels seen in this place.
 G = Mean time per level.
                   A        B        C        D        E       F      G
               +--------+--------+--------+--------+--------+-----+--------+
         Total |   2434 |   2384 |     50 |    600 |   1257 |   4 |  608.5 |
       Dungeon |   2434 |   2384 |     50 |    600 |   1257 |   4 |  608.5 |
               +--------+--------+--------+--------+--------+-----+--------+

Top non-repeatable levels by time:
     D:3: 814 daAuts
     D:2: 710 daAuts
     D:4: 461 daAuts
     D:1: 448 daAuts
